[Event "Pan-Am Intercoll."]
[Site "Burlingame USA"]
[Date "2018.12.30"]
[Round "6"]
[White "Kovalyov, Anton"]
[Black "Ringoir, Tanguy"]
[Result "1/2-1/2"]
[ECO "A17"]
[WhiteElo "2621"]
[BlackElo "2516"]
[PlyCount "40"]
[GameId "2129404762116990"]
[EventDate "2018.12.28"]
[EventType "team"]
[EventRounds "6"]
[EventCountry "USA"]
[SourceTitle "10 Days #565"]
[Source "ChessMix"]
[SourceDate "2019.01.01"]
[SourceVersion "1"]
[SourceVersionDate "2019.01.01"]
[SourceQuality "1"]
[TimeControl "5400+30"]

1. c4 Nf6 2. Nf3 e6 3. Nc3 d5 4. e3 b6 5. b3 Bb7 6. Bb2 Bd6 7. cxd5 exd5 8. Nb5 Be7 9. Be5 Na6 10. Be2 O-O 11. O-O c5 12. d4 Nb4 13. dxc5 bxc5 14. Bb2 Qb6 15. Nc3 Qe6 16. a3 Nc6 17. Qc2 h6 18. Rad1 Rfd8 19. Rfe1 Bf8 20. Bf1 Na5 1/2-1/2

[Event "Quebec op inv."]
[Site "Montreal CAN"]
[Date "2013.07.21"]
[Round "2.16"]
[White "Kovalyov, Anton"]
[Black "Morin, Yves"]
[Result "1-0"]
[ECO "A53"]
[WhiteElo "2606"]
[BlackElo "2185"]
[PlyCount "75"]
[GameId "2160767739316929"]
[EventDate "2013.07.21"]
[EventType "swiss"]
[EventRounds "9"]
[EventCountry "CAN"]
[TimeControl "240+2"]

1. c4 d6 2. d4 Nf6 3. Nf3 Bg4 4. Qb3 Qc8 5. g3 c6 6. Bg2 Nbd7 7. h3 Bxf3 8. Bxf3 g6 9. Bg2 Bg7 10. O-O O-O 11. Nc3 Qc7 12. Be3 Rfe8 13. Rac1 a6 14. Rfd1 Rab8 15. a3 h6 16. Qa2 a5 17. Qb3 Ra8 18. Na4 Ra6 19. d5 c5 20. Nc3 Rea8 21. a4 Rc8 22. f4 Ne8 23. Bd2 Qd8 24. e3 Nc7 25. Be1 Raa8 26. Qc2 Na6 27. g4 Nb4 28. Qe2 Qb6 29. h4 Na6 30. g5 hxg5 31. hxg5 Re8 32. Bh3 Rad8 33. Ra1 Nf8 34. Ra3 Nc7 35. Qc2 Na6 36. Rb3 Nb4 37. Qh2 Ra8 38. Ne4 1-0